 Dungeon Crawl Stone Soup version 0.22.1-5-g62c59d9 (webtiles) character file.

445287 nuthulu the Impregnable (level 23, -6/155 HPs)
             Began as a Gargoyle Fighter on Jan 7, 2019.
             Was the Champion of Okawaru.
             Killed from afar by a fire giant (19 damage)
             ... with a bolt of fire
             ... on level 2 of the Depths.
             The game lasted 02:00:27 (42497 turns).

nuthulu the Impregnable (Gargoyle Fighter)         Turns: 42497, Time: 02:00:28

Health: -6/155     AC: 65    Str: 37    XL:     23   Next: 85%
Magic:  29/29      EV: 18    Int: 12    God:    Okawaru [******]
Gold:   2362       SH: 29    Dex: 14    Spells: 22/22 levels left

rFire    . . .     SeeInvis .   H - +7 eveningstar (vamp)
rCold    . . .     Gourm    .   m - +5 shield {rN+}
rNeg     + + .     Faith    .   S - +8 orange crystal plate armour {Archmagi, Int+3 Clar}
rPois    ∞         Spirit   .   v - +1 hat of Wurih {rCorr Str+2 Dex+5}
rElec    +         Reflect  +   D - +2 cloak {MR+}
rCorr    +         Harm     .   Z - +2 pair of gloves
MR       +++..     Clarity  +   K - +2 pair of boots {run}
Stlth    ..........             Y - brooch of Shielding {Reflect SH+8}
HPRegen  0.35/turn              u - ring of protection from magic
MPRegen  0.21/turn              R - ring "Qukiar" {+Fly Str+5}

@: flying, quick
A: big wings, hooves 1, horns 1, negative energy resistance 1, electricity
resistance, unbreathing, petrification resistance, rot immunity, sturdy frame 1,
AC +17
}: 3/15 runes: barnacled, silver, gossamer
a: Stop Flying, Heroism, Finesse, Renounce Religion


You were on level 2 of the Depths.
You worshipped Okawaru.
Okawaru was exalted by your worship.
You were hungry.

You visited 7 branches of the dungeon, and saw 38 of its levels.
You also visited: Labyrinth.

You collected 6746 gold pieces.
You spent 4384 gold pieces at shops.

Inventory:

Hand Weapons
 a - a +5 flail of freezing
 p - the +4 flail "Ufokerph" {flame, rC+}
   (Okawaru gifted it to you on level 2 of the Orcish Mines)

   It has been specially enchanted to burn those struck by it, causing extra
   injury to most foes and up to half again as much damage against particularly
   susceptible opponents.
   It protects you from cold.
 H - a +7 vampiric eveningstar (weapon)
 X - a +2 demon whip of flaming
Armour
 m - a +5 shield of positive energy (worn)
 n - the +6 ice dragon scales of Okawaru's Generosity {rF- rC++ MR+ rCorr}
   (Okawaru gifted it to you on level 5 of the Lair of Beasts)

   It makes you vulnerable to fire.
   It greatly protects you from cold.
   It affects your resistance to hostile enchantments.
   It provides partial protection from all sources of acid and corrosion.
 v - the +1 hat of Wurih (worn) {rCorr Str+2 Dex+5}
   (Okawaru gifted it to you on level 4 of the Vaults)

   It affects your strength (+2).
   It affects your dexterity (+5).
   It provides partial protection from all sources of acid and corrosion.
 C - a scarf of repulsion
 D - a +2 cloak of magic resistance (worn)
 K - a +2 pair of boots of running (worn)
 S - the +8 orange crystal plate armour (worn) {Archmagi, Int+3 Clar}
   (You acquired it on level 1 of the Spider Nest)

   It affects your intelligence (+3).
   It protects you against confusion.
 Z - a +2 pair of gloves (worn)
Jewellery
 h - an uncursed ring of protection from fire
 r - an uncursed amulet of faith
 t - a +3 ring of protection
 u - a ring of protection from magic (left hand)
 B - an uncursed amulet of regeneration
 I - an uncursed ring of fire
 R - the ring "Qukiar" (right hand) {+Fly Str+5}
   (You bought it in a shop on level 2 of the Orcish Mines)

   [ring of flight]

   It affects your strength (+5).
   It lets you fly.
 U - an uncursed ring of positive energy
 Y - the brooch of Shielding (around neck) {Reflect SH+8}
   (You bought it in a shop on level 9 of the Dungeon)

   [amulet of reflection]

   It shields you and reflects attacks.
   It affects your SH (+8).
Wands
 b - a wand of iceblast (31)
 w - a wand of disintegration (9)
 y - a wand of digging (18)
 A - a wand of polymorph (25)
 E - a wand of acid (28)
 F - a wand of paralysis (38)
 L - a wand of random effects (40)
 M - a wand of flame (48)
Scrolls
 e - 4 scrolls of blinking
 i - 13 scrolls of remove curse
 o - 16 scrolls of teleportation
 q - 8 scrolls of fog
 x - 6 scrolls of fear
 G - 9 scrolls of magic mapping
 J - 2 scrolls of amnesia
 N - 4 scrolls of silence
 T - 6 scrolls of identify
 V - a scroll of brand weapon
Potions
 c - 2 potions of resistance
 d - 5 potions of might
 g - 7 potions of heal wounds
 k - 5 potions of invisibility
 l - 21 potions of curing
 s - 8 potions of lignification
 z - a potion of agility
 O - 3 potions of haste
 P - 3 potions of brilliance
 Q - a potion of cancellation
 W - 3 potions of ambrosia
Comestibles
 f - 51 rations
 j - 6 chunks of flesh


   Skills:
 * Level 19.3 Fighting
 * Level 18.5 Maces & Flails
 - Level 21.0 Armour
 - Level 17.0 Dodging
 - Level 15.7 Shields
 - Level 8.0 Invocations


You had 22 spell levels left.
You didn't know any spells.
Your spell library contained the following spells:

 Spells                   Type           Power        Failure   Level  Hunger
 Corona                   Hex            #......      83%         1    ##.....
 Flame Tongue             Conj/Fire      #....        83%         1    ##.....
 Magic Dart               Conj           #...         83%         1    ##.....
 Summon Small Mammal      Summ           #...         83%         1    ##.....
 Call Imp                 Summ           #.......     92%         2    ###....
 Ensorcelled Hibernation  Hex/Ice        #.....       92%         2    ###....
 Searing Ray              Conj           #.....       92%         2    ###....
 Throw Flame              Conj/Fire      #.....       92%         2    ###....
 Call Canine Familiar     Summ           #.......     99%         3    ####...
 Confuse                  Hex            #.......     99%         3    ####...
 Conjure Flame            Conj/Fire      #.......     99%         3    ####...
 Dazzling Spray           Conj/Hex       #.....       99%         3    ####...
 Inner Flame              Hex/Fire       #.......     99%         3    ####...
 Static Discharge         Conj/Air       #.......     99%         3    ####...
 Summon Guardian Golem    Hex/Summ       #.......     99%         3    ####...
 Tukima's Dance           Hex            #.......     99%         3    ####...
 Force Lance              Conj/Tloc      #.......     100%        4    #####..
 Fulminant Prism          Conj/Hex       #.........   100%        4    #####..
 Iskenderun's Mystic Bla  Conj           #.......     100%        4    #####..
 Leda's Liquefaction      Hex/Erth       #.........   100%        4    #####..
 Sticky Flame             Conj/Fire      #.......     100%        4    #####..
 Summon Ice Beast         Ice/Summ       #.......     100%        4    #####..
 Summon Lightning Spire   Summ/Air       #.......     100%        4    #####..
 Bolt of Magma            Conj/Fire/Erth #.........   100%        5    ######.
 Fireball                 Conj/Fire      #.........   100%        5    ######.
 Irradiate                Conj/Tmut      #.........   100%        5    ######.
 Lightning Bolt           Conj/Air       #.........   100%        5    ######.
 Hydra Form               Tmut           #.........   100%        6    #######
 Iron Shot                Conj/Erth      #.........   100%        6    #######
 Dragon Form              Tmut           #.........   100%        7    #######
 Ignition                 Fire           #.........   100%        8    #######
 Shatter                  Erth           #.........   100%        9    #######
 Tornado                  Air            #.........   100%        9    #######
 Statue Form              Tmut/Erth      Unusable     N/A         6    N/A

Dungeon Overview and Level Annotations

Branches:
Dungeon (15/15)            Temple (0/1) D:7            Lair (6/6) D:11
 Shoals (4/4) Lair:2       Spider (4/4) Lair:4        Slime (0/5) Lair:5
    Orc (2/2) D:12            Elf (0/3) Orc:2        Vaults (5/5) D:14
  Crypt (0/3) Vaults:2     Depths (2/5) D:15

Altars:
Ashenzari
Elyvilon
Fedhas
Gozag
Kikubaaqudgha
Okawaru
Qazlal
Sif Muna
Trog
Yredelemnul
The Shining One
Beogh

Shops:
D:7 (:   D:9 =:%?%   D:11 [   Orc:2 }=((   Vaults:4 %   Vaults:5 [%%*=?!!=*%!?

Portals:
Hell: Depths:1
Trove: D:12 (give 20 scrolls of identify)

Annotations:
D:15 2 runed doors
Shoals:4 exclusion: ice statue


Innate Abilities, Weirdness & Mutations

You are resistant to torment.
Your stone body is resilient. (AC +17)
You are immune to poison.
Your large and strong wings let you fly indefinitely.
You resist negative energy. (rN+)
You are resistant to electric shocks. (rElec)
You can survive without breathing.
You are immune to petrification.
You are immune to rotting.
You have large cloven feet.
You have a pair of small horns on your head.
Your movements are slightly less encumbered by armour. (ER -2)


Message History

The fire giant shimmers and seems to become two!
The lich mumbles some strange words.
You are feeling hungry.
The Ice Fiend calls on the powers of darkness!
The yaktaur convulses!
The yaktaur captain convulses!
The fire giant convulses!
The golden dragon convulses!
The fire giant convulses! x2
Your body is wracked with pain!
The fire giant casts a spell at you. The bolt of fire hits you!
The fire giant gestures at you while chanting.
The fireball explodes!
The fireball engulfs you!
* * * LOW HITPOINT WARNING * * *
You hear a shout!
You hear two shouts! x2
Unknown command.
The fire giant gestures at you while chanting.
The bolt of fire misses you.
The fire giant points at you and mumbles some strange words.
The bolt of fire hits the fire giant.
The fire giant resists.
The bolt of fire hits you!
You die...

#..................
#......<)..........
#..................
#..........†.......
#........)...[.....
#..................
#..................
########'##+#####+######
........@...##
##..........#
#..♣)[..♣..####
#....2CCR......
#....cCC1..###
#....cL..1.###.##
#..♣2..)♣........
#....)D....###+##
#...............


You could see a golden dragon, 2 Ice Fiends, a cacodemon, 4 fire giants, a hell
beast, a lich, a yaktaur captain, a rakshasa and a yaktaur.

Vanquished Creatures
  Sojobo (Vaults:4)
  Margery (Vaults:3)
  Saint Roka (Orc:2)
  A large abomination (Vaults:4)
  Xtahua (Vaults:4)
  2 golden dragons (Vaults:5)
  Arachne (Spider:2)
  Rupert (Lair:5)
  A tentacled monstrosity (Vaults:5)
  5 titans
  3 sphinxes
  A quicksilver dragon (Vaults:5)
  2 krakens
  Kirke (D:13)
  3 storm dragons
  2 shadow dragons
  8 tengu reavers
  Roxanne (Spider:3)
  19 vault wardens
  A fire giant (shapeshifter) (Vaults:4)
  9 emperor scorpions
  5 frost giants
  4 deep elf sorcerers
  A ghost moth (Spider:4)
  4 fire giants
  2 orc warlords
  3 war gargoyles
  17 ironheart preservers
  13 stone giants
  5 entropy weavers
  8 very ugly things
  3 deep elf annihilators (Vaults:3)
  A vampire knight (Depths:1)
  Azrael (D:13)
  A deep elf demonologist (Vaults:4)
  2 dire elephants
  A minotaur (Lab)
  A deep elf death mage (Vaults:3)
  2 spark wasps
  4 merfolk javelineers (Shoals:4)
  7 ettins
  7 fire dragons
  Snorg (Lair:5)
  Josephine (D:15)
  8 ogre magi
  4 deep elf high priests
  5 merfolk impalers
  2 great orbs of eyes
  Erolcha (Orc:2)
  10 yaktaur captains
  39 vault guards
  A rakshasa (Vaults:2)
  9 hydras
  5 ice dragons
  6 merfolk aquamancers
  A catoblepas (shapeshifter) (Vaults:4)
  4 death knights
  A catoblepas (Lair:6)
  21 two-headed ogres
  6 merfolk avatars
  An alligator snapping turtle (Shoals:1)
  Erica (Lair:1)
  6 centaur warriors
  A tengu warrior (Depths:1)
  2 satyrs (Shoals:4)
  A dancing weapon (Vaults:5)
  A death yak (Lair:5)
  A deep troll shaman (Depths:2)
  2 spriggan berserkers (Depths:1)
  Urug (Lair:1)
  4 hell knights
  6 deep elf knights
  6 orc high priests
  2 spriggans (Depths:1)
  A deep troll earth mage (Depths:1)
  Nergalle (Lair:1)
  A shadow wraith (Vaults:3)
  A storm dragon zombie (Vaults:2)
  2 small abominations (Vaults:4)
  6 skeletal warriors
  A fire crab (Lair:6)
  2 unseen horrors
  An obsidian statue (D:15)
  A glowing orange brain (shapeshifter) (Vaults:4)
  5 deep trolls
  A swamp dragon (shapeshifter) (Vaults:2)
  10 sea snakes
  3 flayed ghosts (Vaults:4)
  7 deep elf archers
  4 glowing orange brains
  2 wizards
  15 ironbrand convokers
  17 orb spiders
  A wolf spider zombie (D:14)
  2 phantasmal warriors
  2 human zombies
  15 harpies
  A shadow dragon zombie (Vaults:2)
  A cyclops (shapeshifter) (Vaults:2)
  4 orc sorcerers
  21 orc knights
  A manticore (shapeshifter) (Depths:1)
  49 ugly things
  23 deep elf magi
  20 manticores
  3 moths of wrath
  7 necromancers
  11 fauns
  35 wolf spiders
  A fire giant zombie (Vaults:2)
  A salamander (D:15)
  10 cyclopes
  3 centaur zombies
  An ice statue (D:14)
  9 merfolk sirens
  21 elephants
  Maurice (Orc:2)
  3 black mambas
  6 water nymphs
  A water nymph (shapeshifter) (Vaults:5)
  Psyche (D:10)
  A guardian serpent (shapeshifter) (Vaults:1)
  2 torpor snails
  A stone giant skeleton (Vaults:2)
  11 vault sentinels
  A gargoyle (D:12)
  18 spiny frogs
  An elf zombie (Vaults:5)
  A yaktaur (shapeshifter) (D:15)
  12 demonic crawlers
  7 komodo dragons
  A yaktaur zombie (Vaults:2)
  7 rime drakes
  7 freezing wraiths
  18 yaktaurs
  3 trolls (shapeshifter)
  A polar bear (Lair:6)
  36 jumping spiders
  11 trolls
  2 tengu conjurers
  5 tyrant leeches (Lair:6)
  A polar bear (shapeshifter) (Vaults:1)
  39 merfolk
  A hornet (shapeshifter) (Vaults:3)
  A harpy skeleton (D:13)
  Prince Ribbit (D:8)
  4 wind drakes
  A jumping spider (shapeshifter) (Vaults:1)
  8 hornets
  A dream sheep (shapeshifter) (Vaults:4)
  34 blink frogs
  A raiju (shapeshifter) (Vaults:2)
  11 snapping turtles
  A sphinx simulacrum (Vaults:5)
  12 hippogriffs
  38 slime creatures
  7 dream sheep
  A hippogriff (shapeshifter) (Vaults:1)
  35 tarantellas
  77 redbacks
  A vampire (D:13)
  2 shadows
  9 wraiths
  28 yaks
  A wyvern (D:15)
  A hog (shapeshifter) (Vaults:4)
  4 hogs (D:13)
  7 water elementals
  Grum (Lair:1)
  2 steam dragons (Shoals:4)
  A basilisk (Lair:6)
  2 fire elementals (D:13)
  3 hungry ghosts
  9 vampire mosquitoes
  9 wargs
  A soldier ant (D:13)
  A warg (shapeshifter) (Vaults:2)
  4 hell hounds (D:13)
  27 water moccasins
  2 acid dragons
  8 porcupines
  5 ice beasts
  74 orc warriors
  A phantom (D:9)
  A boggart (Vaults:1)
  5 black bears
  An orc zombie (Vaults:2)
  11 centaurs
  2 necrophages
  36 ogres
  12 wolves
  An elf skeleton (Vaults:5)
  15 crocodiles
  2 human skeletons
  A big kobold (shapeshifter) (Vaults:3)
  33 bullfrogs
  2 big kobolds
  3 scorpions
  13 killer bees
  7 howler monkeys
  4 wights (D:9)
  7 electric eels
  5 crimson imps
  A quasit (D:12)
  2 bullfrog zombies
  5 jellies
  40 orc priests
  6 hounds
  21 orc wizards
  A centaur skeleton (D:9)
  Jessica (D:2)
  2 bullfrog skeletons
  5 iguanas
  Terence (D:2)
  7 hell rats (Lair:5)
  6 worker ants
  A killer bee zombie (D:9)
  A hound zombie (D:11)
  A hound skeleton (D:11)
  A worker ant zombie (D:8)
  A howler monkey skeleton (D:6)
  2 howler monkey zombies
  7 gnolls
  31 adders
  3 shadow imps (D:11)
  An ooze (D:1)
  3 adder skeletons
  An adder zombie (D:5)
  2 worms (D:3)
  2 dart slugs
  3 leopard geckos
  118 orcs
  3 bats (D:1)
  3 giant cockroaches
  3 goblins
  6 hobgoblins
  7 jackals
  4 quokkas
  2 ball pythons (D:4)
  4 frilled lizards
  A jackal skeleton (D:4)
  15 kobolds
  3 leopard gecko skeletons
  A rat (D:2)
  A spectral orc (D:4)
  A fungus (Lair:1)
  A plant (Lair:6)
1767 creatures vanquished.

Vanquished Creatures (others)
  A stone giant (Depths:1)
  3 merfolk javelineers (Shoals:4)
  5 yaktaur captains
  Harold (D:8)
  A shadow wraith (Vaults:1)
  A storm dragon skeleton (Vaults:2)
  An unseen horror (D:15)
  2 deep elf archers
  A deep elf mage (Vaults:4)
  An orb spider (Spider:2)
  10 yaktaurs
  A jumping spider (Spider:2)
  2 tarantellas
  A warg (Vaults:5)
  An orc warrior (Vaults:5)
  An ogre (Vaults:5)
  A crimson imp (D:14)
  2 orc wizards
  2 adders
  An orc (Vaults:5)
  A bush (D:6)
  2 fire vortices (Vaults:2)
  13 fungi
  45 plants
  8 tentacles
108 creatures vanquished.

Grand Total: 1875 creatures vanquished

Notes
Turn   | Place    | Note
-------+----------+-------------------------------------------
     0 | D:1      | nuthulu the Gargoyle Fighter began the quest for the Orb.
     0 | D:1      | Reached XP level 1. HP: 14/14 MP: 1/1
   129 | D:1      | Reached XP level 2. HP: 14/19 MP: 2/2
   364 | D:1      | Gained mutation: Your natural rate of healing is unusually
                  | fast. [potion of mutation]
   364 | D:1      | Gained mutation: You have a pair of small antennae on your
                  | head. [potion of mutation]
   364 | D:1      | Gained mutation: You evolve. [potion of mutation]
   508 | D:2      | Noticed Jessica
   510 | D:2      | Killed Jessica
   510 | D:2      | Reached XP level 3. HP: 24/24 MP: 3/3
   565 | D:2      | Reached XP level 4. HP: 29/29 MP: 4/4
   765 | D:2      | Noticed Terence
   782 | D:2      | Killed Terence
   814 | D:2      | Reached XP level 5. HP: 34/34 MP: 5/5
  1078 | D:2      | Gained mutation: You are resistant to hostile enchantments.
                  | (MR+) [evolution]
  1333 | D:3      | Found an opulent altar of Gozag.
  1589 | D:3      | Reached skill level 5 in Maces & Flails
  1730 | D:3      | Reached XP level 6. HP: 38/40 MP: 6/6
  2107 | D:4      | Reached skill level 5 in Fighting
  2204 | D:4      | Reached XP level 7. HP: 40/44 MP: 7/7
  2740 | D:4      | Got a pair of shimmering boots
  2746 | D:4      | Identified the cursed +0 pair of boots "Xunkad" {rElec rC+
                  | rCorr Slay-5} (You found it on level 4 of the Dungeon)
  2969 | D:4      | Found a basalt altar of Yredelemnul.
  3066 | D:5      | Entered Level 5 of the Dungeon
  4360 | D:6      | Found a white marble altar of Elyvilon.
  4374 | D:6      | Reached XP level 8. HP: 52/52 MP: 8/8
  4538 | D:6      | Lost mutation: You evolve. [end of evolution]
  4551 | D:6      | Found a blossoming altar of Fedhas.
  4794 | D:6      | Found an iron altar of Okawaru.
  4802 | D:6      | Became a worshipper of Warmaster Okawaru
  5215 | D:7      | Found a staircase to the Ecumenical Temple.
  5224 | D:7      | Found Rikoteusch's Weapon Shoppe.
  5284 | D:7      | Found a bloodstained altar of Trog.
  5413 | D:7      | Reached * piety under Okawaru
  5506 | D:7      | Found Ruxaih's Book Emporium.
  5541 | D:7      | Reached XP level 9. HP: 58/58 MP: 9/9
  6162 | D:8      | Noticed Harold
  6190 | D:8      | Killed Harold
  6190 | D:8      | Reached skill level 10 in Maces & Flails
  6196 | D:8      | Reached ** piety under Okawaru
  6248 | D:8      | Noticed Prince Ribbit
  6264 | D:8      | Killed Prince Ribbit
  6312 | D:8      | Found a stormy altar of Qazlal.
  6770 | D:9      | Found Cusoc's Book Boutique.
  6836 | D:9      | Found Roset's Food Shop.
  6904 | D:9      | Reached XP level 10. HP: 63/66 MP: 10/10
  6905 | D:9      | Found Atoosilu's Magic Scroll Shop.
  6935 | D:9      | Bought a scroll of teleportation for 39 gold pieces
  6935 | D:9      | Bought a scroll of fear for 45 gold pieces
  6935 | D:9      | Bought a scroll of fog for 26 gold pieces
  6935 | D:9      | Bought a scroll of enchant weapon for 97 gold pieces
  6935 | D:9      | Bought a scroll of fear for 45 gold pieces
  6935 | D:9      | Bought a scroll of teleportation for 39 gold pieces
  6951 | D:9      | Found Onanufum's Food Shop.
  6964 | D:9      | Reached *** piety under Okawaru
  7125 | D:9      | Found a shattered altar of Ashenzari.
  7420 | D:9      | Found Nucyok's Jewellery Shop.
  7433 | D:9      | Reached skill level 10 in Fighting
  7519 | D:10     | Entered Level 10 of the Dungeon
  7537 | D:10     | Reached **** piety under Okawaru
  7790 | D:10     | Lost mutation: You have a pair of small antennae on your
                  | head. [potion of mutation]
  7790 | D:10     | Lost mutation: You are resistant to hostile enchantments.
                  | (MR+) [potion of mutation]
  7790 | D:10     | Lost mutation: Your natural rate of healing is unusually
                  | fast. [potion of mutation]
  7790 | D:10     | Gained mutation: You have a pair of small horns on your
                  | head. [potion of mutation]
  7790 | D:10     | Gained mutation: You have large cloven feet. [potion of
                  | mutation]
  7790 | D:10     | Gained mutation: Your movements are slightly less
                  | encumbered by armour. (ER -2) [potion of mutation]
  7978 | D:10     | Noticed Psyche
  7990 | D:10     | Killed Psyche
  7990 | D:10     | Reached ***** piety under Okawaru
  8023 | D:10     | Reached XP level 11. HP: 65/73 MP: 11/11
  8384 | D:11     | Received a gift from Okawaru
  8574 | D:11     | Found Ypuocoq's Armour Boutique.
  8606 | D:11     | Bought a +0 cloak of magic resistance for 138 gold pieces
  8631 | D:11     | Noticed an orc knight
  8725 | D:11     | Noticed an orc sorcerer
  8904 | D:10     | Killed an orc sorcerer
  9083 | D:11     | Killed an orc knight
  9172 | D:11     | Noticed a manticore
  9191 | D:11     | Killed a manticore
  9191 | D:11     | Reached skill level 5 in Shields
  9354 | D:11     | Found a staircase to the Lair.
  9566 | Lair:1   | Entered Level 1 of the Lair of Beasts
  9724 | Lair:1   | Noticed Urug
  9740 | Lair:1   | Killed Urug
  9914 | Lair:1   | Reached ****** piety under Okawaru
  9960 | Lair:1   | Reached XP level 12. HP: 78/80 MP: 12/12
  9981 | Lair:1   | Noticed Grum
 10011 | Lair:1   | Killed Grum
 10355 | Lair:1   | Noticed Nergalle
 10386 | Lair:1   | Killed Nergalle
 10386 | Lair:1   | Received a gift from Okawaru
 10485 | Lair:1   | Noticed Erica
 10500 | Lair:1   | Killed Erica
 10500 | Lair:1   | Reached skill level 10 in Shields
 10841 | Lair:2   | Found a staircase to the Shoals.
 10984 | Lair:2   | Found a white marble altar of Elyvilon.
 10987 | Lair:2   | Noticed a seven-headed hydra
 11002 | Lair:2   | Killed a seven-headed hydra
 11002 | Lair:2   | Received a gift from Okawaru
 11027 | Lair:2   | Identified a +2 pair of boots of running (Okawaru gifted it
                  | to you on level 2 of the Lair of Beasts)
 11038 | Lair:2   | Noticed a four-headed hydra
 11047 | Lair:2   | Killed a four-headed hydra
 11859 | Lair:3   | Found a labyrinth entrance.
 11913 | Lab      | Entered a labyrinth
 12236 | Lab      | Noticed a minotaur
 12256 | Lab      | Killed a minotaur
 12256 | Lab      | Reached XP level 13. HP: 72/87 MP: 11/13
 12908 | Lair:3   | Received a gift from Okawaru
 13243 | Lair:4   | Found a hole to the Spider Nest.
 13409 | Lair:4   | Noticed a dire elephant
 13715 | Lair:4   | Killed a dire elephant
 14653 | Lair:5   | Gained mutation: Your large and strong wings let you fly
                  | indefinitely. [Gargoyle growth]
 14653 | Lair:5   | Reached XP level 14. HP: 96/96 MP: 14/14
 14662 | Lair:5   | Reached skill level 15 in Shields
 14687 | Lair:5   | Found a staircase to the Slime Pits.
 14745 | Lair:5   | Received a gift from Okawaru
 15075 | Lair:5   | Noticed Snorg
 15087 | Lair:5   | Killed Snorg
 15964 | Lair:6   | Entered Level 6 of the Lair of Beasts
 16033 | Lair:6   | Reached skill level 4 in Armour
 16040 | Lair:6   | Reached skill level 1 in Dodging
 16121 | Lair:6   | Reached skill level 5 in Armour
 16337 | Lair:6   | Received a gift from Okawaru
 16372 | Lair:6   | Reached skill level 6 in Armour
 16511 | Lair:6   | Reached skill level 7 in Armour
 16635 | Lair:6   | Noticed Rupert
 16667 | Lair:5   | Killed Rupert
 16667 | Lair:5   | Received a gift from Okawaru
 16667 | Lair:5   | Reached skill level 8 in Armour
 16680 | Lair:5   | Got steaming ice dragon scales {god gift}
 16682 | Lair:5   | Identified the +6 ice dragon scales of Okawaru's Generosity
                  | {rF- rC++ MR+ rCorr} (Okawaru gifted it to you on level 5
                  | of the Lair of Beasts)
 17027 | Lair:6   | Reached skill level 9 in Armour
 17027 | Lair:6   | Reached XP level 15. HP: 101/101 MP: 15/15
 17362 | D:12     | Found a staircase to the Orcish Mines.
 17421 | D:12     | Found a deep blue altar of Sif Muna.
 17430 | D:12     | Identified a scroll of acquirement
 18107 | D:12     | Found a portal to a secret trove of treasure.
 18282 | D:12     | Reached skill level 10 in Armour
 18347 | Orc:1    | Entered Level 1 of the Orcish Mines
 18807 | Orc:2    | Entered Level 2 of the Orcish Mines
 18845 | Orc:2    | Reached skill level 1 in Invocations
 18877 | Orc:2    | Noticed Maurice
 18882 | Orc:2    | Noticed Erolcha
 18902 | Orc:2    | Killed Erolcha
 18913 | Orc:2    | Killed Maurice
 19035 | Orc:2    | Noticed Saint Roka
 19086 | Orc:2    | Killed Saint Roka
 19086 | Orc:2    | Received a gift from Okawaru
 19086 | Orc:2    | Reached skill level 11 in Armour
 19205 | Orc:2    | Found a roughly hewn altar of Beogh.
 19234 | Orc:2    | Found Qixeikana's Antique Weapon Boutique.
 19329 | Orc:2    | Found Sipput Munwi's Weapon Shop.
 19691 | Orc:2    | Noticed an orc warlord
 19719 | Orc:2    | Killed an orc warlord
 19788 | Orc:2    | Found a roughly hewn altar of Beogh.
 19833 | Orc:2    | Found Peugroni's Gadget Shop.
 19911 | Orc:2    | Reached skill level 12 in Armour
 19964 | Orc:2    | Found Yleseid's Jewellery Shoppe.
 20033 | Orc:2    | Bought the ring "Qukiar" {+Fly Str+5} for 490 gold pieces
 20183 | Orc:2    | Reached skill level 5 in Invocations
 20328 | Orc:2    | Found a staircase to the Elven Halls.
 20388 | Orc:2    | Received a gift from Okawaru
 20394 | Orc:2    | Got a translucent flail {god gift}
 20395 | Orc:2    | Identified the +4 flail "Ufokerph" {flame, rC+} (Okawaru
                  | gifted it to you on level 2 of the Orcish Mines)
 20868 | Spider:1 | Entered Level 1 of the Spider Nest
 21183 | Spider:1 | Found the +8 orange crystal plate armour {Archmagi, Int+3
                  | Clar}
 21329 | Spider:1 | Reached skill level 13 in Armour
 21431 | Spider:1 | Received a gift from Okawaru
 21431 | Spider:1 | Reached XP level 16. HP: 107/107 MP: 20/20
 21434 | Spider:1 | Got a scorched plate armour {god gift}
 21748 | Spider:2 | Identified the +1 plate armour of the Loofah {*Corrode rC+
                  | rN+} (Okawaru gifted it to you on level 1 of the Spider
                  | Nest)
 22037 | Spider:2 | Reached skill level 14 in Armour
 22550 | Spider:3 | Noticed Arachne
 22552 | Spider:3 | Noticed Roxanne
 22609 | Spider:2 | Killed Arachne
 23082 | Spider:3 | Received a gift from Okawaru
 23181 | Spider:3 | Killed Roxanne
 23181 | Spider:3 | Reached skill level 15 in Armour
 23521 | Spider:4 | Entered Level 4 of the Spider Nest
 23775 | Spider:3 | Reached skill level 16 in Armour
 23851 | Spider:4 | Reached skill level 5 in Dodging
 23870 | Spider:3 | Received a gift from Okawaru
 23897 | Spider:3 | Got a fine hat {god gift}
 23898 | Spider:3 | Identified the +1 hat "Vuchoarroe" {Str+6 Slay-4} (Okawaru
                  | gifted it to you on level 3 of the Spider Nest)
 24023 | Spider:4 | Reached XP level 17. HP: 103/112 MP: 23/23
 24643 | Spider:4 | Received a gift from Okawaru
 25065 | Spider:4 | Received a gift from Okawaru
 25065 | Spider:4 | Reached skill level 10 in Dodging
 25100 | Spider:4 | Got a gossamer rune of Zot
 25735 | D:13     | Noticed Kirke
 25747 | D:13     | Killed Kirke
 25950 | D:13     | Noticed Azrael
 25975 | D:13     | Killed Azrael
 26500 | D:14     | Reached skill level 15 in Fighting
 26539 | D:14     | Found a gate to the Vaults.
 26581 | D:14     | Received a gift from Okawaru
 26939 | D:14     | Reached XP level 18. HP: 120/120 MP: 18/24
 27284 | D:15     | Entered Level 15 of the Dungeon
 27364 | D:15     | Found a runed door.
 27609 | D:15     | Found a runed door.
 27642 | D:15     | Found a runed door.
 27666 | D:15     | Found a runed door.
 27732 | D:15     | Noticed Josephine
 27732 | D:15     | Received a gift from Okawaru
 27742 | D:15     | Killed Josephine
 28078 | D:15     | Found a staircase to the Depths.
 28440 | D:9      | Bought the brooch of Shielding {Reflect SH+8} for 1700 gold
                  | pieces
 28440 | D:9      | Found the brooch of Shielding {Reflect SH+8}
 28553 | Shoals:1 | Entered Level 1 of the Shoals
 30869 | Shoals:4 | Entered Level 4 of the Shoals
 31163 | Shoals:4 | Received a gift from Okawaru
 31254 | Shoals:4 | Reached XP level 19. HP: 131/131 MP: 25/25
 31294 | Shoals:4 | Reached skill level 15 in Maces & Flails
 31446 | Shoals:4 | Got a barnacled rune of Zot
 31844 | Shoals:4 | Received a gift from Okawaru
 32593 | Vaults:1 | Entered Level 1 of the Vaults
 33388 | Vaults:1 | Received a gift from Okawaru
 33491 | Vaults:1 | Reached XP level 20. HP: 96/137 MP: 26/26
 34105 | Vaults:2 | Reached skill level 17 in Armour
 34491 | Vaults:2 | Reached skill level 18 in Armour
 35282 | Vaults:2 | Received a gift from Okawaru
 35292 | Vaults:2 | Reached skill level 19 in Armour
 35560 | Vaults:2 | Found a staircase to the Crypt.
 35560 | Vaults:2 | Found a basalt altar of Yredelemnul.
 35561 | Vaults:2 | Found an ancient bone altar of Kikubaaqudgha.
 36025 | Vaults:3 | Noticed Margery
 36082 | Vaults:3 | Killed Margery
 36092 | Vaults:3 | Reached XP level 21. HP: 142/142 MP: 19/27
 36300 | Vaults:3 | Reached skill level 20 in Armour
 36496 | Vaults:3 | Found a roughly hewn altar of Beogh.
 36769 | Vaults:3 | Received a gift from Okawaru
 36781 | Vaults:3 | Got a crude buckler {god gift}
 36782 | Vaults:3 | Identified the +1 buckler of Leaves {rF- MR+ Str+5 Slay+2}
                  | (Okawaru gifted it to you on level 3 of the Vaults)
 36882 | Vaults:3 | Reached skill level 21 in Armour
 38110 | Vaults:4 | Found Anomefy's Food Boutique.
 38431 | Vaults:4 | Noticed Sojobo
 38525 | Vaults:4 | Killed Sojobo
 38541 | Vaults:5 | Entered Level 5 of the Vaults
 38626 | Vaults:4 | Received a gift from Okawaru
 38790 | Vaults:4 | Reached XP level 22. HP: 148/148 MP: 28/28
 39008 | Vaults:4 | Received a gift from Okawaru
 39029 | Vaults:4 | Got a faintly humming hat {god gift}
 39030 | Vaults:4 | Identified the +1 hat of Wurih {rCorr Str+2 Dex+5} (Okawaru
                  | gifted it to you on level 4 of the Vaults)
 39192 | Vaults:5 | Noticed Xtahua
 39192 | Vaults:5 | Noticed a golden dragon
 39283 | Vaults:4 | Killed Xtahua
 39322 | Vaults:4 | Reached skill level 15 in Dodging
 39372 | Vaults:4 | Received a gift from Okawaru
 39691 | Vaults:4 | Reached XP level 23. HP: 93/153 MP: 29/29
 39886 | Vaults:5 | Killed a golden dragon
 39934 | Vaults:5 | Received a gift from Okawaru
 39968 | Vaults:5 | Found Giogot's Distillery.
 39968 | Vaults:5 | Found Qeytor's Food Shop.
 39976 | Vaults:5 | Bought a potion of curing for 51 gold pieces
 39976 | Vaults:5 | Bought a potion of might for 68 gold pieces
 39976 | Vaults:5 | Bought a potion of curing for 51 gold pieces
 39976 | Vaults:5 | Bought a potion of curing for 51 gold pieces
 39976 | Vaults:5 | Bought a potion of might for 68 gold pieces
 40408 | Vaults:5 | Found Fasu's Magic Scroll Boutique.
 40412 | Vaults:5 | Bought a scroll of enchant armour for 150 gold pieces
 40428 | Vaults:5 | Found Dapejar's Distillery.
 40432 | Vaults:5 | Bought a potion of haste for 140 gold pieces
 40432 | Vaults:5 | Bought a potion of heal wounds for 70 gold pieces
 40432 | Vaults:5 | Bought a potion of resistance for 140 gold pieces
 40432 | Vaults:5 | Bought a potion of might for 56 gold pieces
 40443 | Vaults:5 | Found Sysmaclu's Food Shoppe.
 40443 | Vaults:5 | Found Ageasoumn's Food Shop.
 40517 | Vaults:5 | Received a gift from Okawaru
 40525 | Vaults:5 | Found Gufra's General Store.
 40525 | Vaults:5 | Found Vaozyck's Jewellery Boutique.
 40544 | Vaults:5 | Got a silver rune of Zot
 40600 | Vaults:5 | Found Okagunav's Distillery.
 40600 | Vaults:5 | Found Dufat's Magic Scroll Shoppe.
 40630 | Vaults:5 | Bought a potion of curing for 42 gold pieces
 40630 | Vaults:5 | Bought a potion of heal wounds for 70 gold pieces
 40630 | Vaults:5 | Bought a potion of curing for 42 gold pieces
 40630 | Vaults:5 | Bought a potion of haste for 140 gold pieces
 40637 | Vaults:5 | Bought a scroll of blinking for 142 gold pieces
 40637 | Vaults:5 | Bought a scroll of silence for 142 gold pieces
 40637 | Vaults:5 | Bought a scroll of enchant armour for 142 gold pieces
 40741 | Vaults:5 | Found Enoufu's Armour Shoppe.
 40920 | Vaults:5 | Noticed a golden dragon
 40931 | Vaults:5 | Killed a golden dragon
 41061 | Vaults:5 | Found Kuwnaw's Jewellery Shoppe.
 41062 | Vaults:5 | Found Conn's General Store.
 41067 | Vaults:5 | Bought a potion of resistance for 200 gold pieces
 41362 | Depths:1 | Entered Level 1 of the Depths
 41393 | Depths:1 | Found a glowing golden altar of the Shining One.
 41878 | Depths:1 | Received a gift from Okawaru
 42033 | Depths:1 | Found a gateway to Hell.
 42484 | Depths:2 | Noticed a golden dragon
 42497 | Depths:2 | Killed from afar by a fire giant

Skill      XL: |  1  2  3  4  5  6  7  8  9 10 11 12 13 14 15 16 17 18 19 20 21 22 23 |
---------------+----------------------------------------------------------------------+-----
Maces & Flails | 3 4 5 6 7 9 11 13 14 17 18 | 18.5
Fighting       | 4 5 6 7 9 10 11 12 14 15 18 19 | 19.3
Shields        | 8 12 14 15 | 15.7
Armour         | 9 13 16 19 21 | 21.0
Dodging        | 4 6 10 12 15 17 | 17.0
Invocations    | 6 8 |  8.0

Action                   |  1- 3 |  4- 6 |  7- 9 | 10-12 | 13-15 | 16-18 | 19-21 | 22-24 || total
-------------------------+-------+-------+-------+-------+-------+-------+-------+-------++-------
Melee: Flail             |    56 |   180 |   377 |   588 |       |       |       |       ||  1201
       Headbutt          |       |       |       |   116 |   351 |   459 |   523 |   372 ||  1821
       Eveningstar       |       |       |       |   278 |  1673 |  1903 |  1938 |   934 ||  6726
Invok: Heroism           |       |       |       |     6 |     6 |     6 |     4 |     2 ||    24
       Finesse           |       |       |       |       |     1 |     3 |     2 |     1 ||     7
 Abil: Fly               |       |       |       |       |     1 |       |       |       ||     1
  Use: Scroll            |    10 |     4 |     7 |     6 |    17 |     9 |     8 |     7 ||    68
       Potion            |     1 |     1 |     4 |     1 |     1 |     1 |       |     1 ||    10
 Stab: Distracted        |       |       |       |       |       |       |     1 |       ||     1
  Eat: Chunk             |       |     4 |    12 |    21 |    18 |    12 |     4 |     5 ||    76
       Ration            |       |       |     1 |     1 |     3 |     7 |     6 |     2 ||    20
Armor: Plate armour      |    34 |   133 |   279 |   540 |   924 |       |       |       ||  1910
       Scale mail        |     1 |       |       |       |       |       |       |       ||     1
       Crystal plate arm |       |       |       |       |    31 |  2096 |   860 |   481 ||  3468
       Ice dragon scales |       |       |       |       |       |     5 |       |       ||     5
       Skin              |       |       |       |       |       |     2 |       |       ||     2
Dodge: Dodged            |    11 |    24 |    53 |   164 |   480 |  1034 |   491 |   359 ||  2616
       Deflected         |       |       |       |     2 |       |       |       |       ||     2
Block: Shield            |    23 |    72 |   207 |   567 |  1530 |  2763 |  2249 |  1239 ||  8650
       Reflection        |       |       |       |       |       |    54 |   119 |   114 ||   287
